Map: [ESL] Site Delta

Players

HeroMarine - Winner!

  • Race: Terran Terran
  • Spawn Location: 5:00

Elazer

  • Race: Zerg Zerg
  • Spawn Location: 11:00

Event: ESL SC2 Masters 2023 Winter (Regional)

VOD

Have the link to the VOD?

Description

Time

  • Played on: Oct. 29, 2023, 9:53 a.m.
  • Length: 17:52

All games in this series

Show
View Real Time Build Order
Export as new Build Order

HeroMarine Terran - Winner!

Build Orders: Reaper Expand, Hellion Banshee 

Get SALT Encoding   

  12  0:00  SCV  
  13  0:12  SCV  
  14  0:17  Supply Depot  
  14  0:24  SCV  
  15  0:38  SCV  
  15  0:40  Barracks  
  16  0:43  Refinery  
  16  0:50  SCV  
  17  1:02  SCV  
  18  1:15  SCV  
  19  1:27  Reaper, Orbital Command  
  20  1:39  Command Center  
  20  1:47  Supply Depot  
  20  1:53  SCV  
  21  1:59  Marine  
  22  2:05  SCV  
  23  2:12  Factory  
  23  2:17  SCV  
  23  2:20  Barracks Reactor  
  24  2:29  SCV  
  25  2:41  Command Center, SCV  
  26  2:50  Orbital Command  
  26  2:53  SCV  
  27  2:59  Starport  
  27  3:03  Refinery  
  27  3:05  SCV  
  28  3:06  Hellion  
  28  3:11  Hellion  
  32  3:13  Barracks Tech Lab  
  32  3:17  SCV x2  
  34  3:28  Hellion  
  34  3:29  SCV  
  34  3:32  Hellion  
  34  3:33  SCV  
  40  3:41  Viking, SCV  
  42  3:45  SCV  
  45  3:48  Cloaking Field  
  45  3:53  Hellion, SCV  
  45  3:54  Hellion  
  49  3:56  Orbital Command  
  49  3:59  Barracks Tech Lab, SCV  
  50  4:05  SCV  
  50  4:06  Supply Depot  
  51  4:11  SCV  
  51  4:13  Banshee  
  55  4:18  SCV  
  55  4:19  Hellion  
  55  4:21  Hellion  
  55  4:22  Marine  
  61  4:27  SCV x2  
  61  4:29  Supply Depot  
  61  4:30  SCV  
  64  4:33  Stimpack  
  64  4:39  SCV  
  64  4:40  Marine  
  64  4:42  SCV  
  64  4:44  Orbital Command  
  67  4:49  Barracks  
  67  4:50  Barracks  
  67  4:52  Supply Depot, SCV  
  68  4:53  Factory Reactor  
  68  4:54  SCV  
  68  4:58  Marine  
  70  5:01  Refinery  
  70  5:02  Refinery, Engineering Bay  
  70  5:03  Engineering Bay  
  70  5:04  SCV  
  70  5:06  SCV  
  72  5:09  SCV  
  72  5:14  Starport Reactor  
  73  5:16  SCV, Marine, Supply Depot  
  73  5:20  SCV  
  76  5:21  Barracks, SCV  
  76  5:23  Barracks  
  76  5:28  SCV  
  78  5:29  Terran Infantry Weapons Level 1, Terran Infantry Armor Level 1  
  78  5:32  SCV  
  78  5:33  SCV  
  80  5:40  SCV  
  80  5:42  Marine x2  
  82  5:43  Marine  
  82  5:44  SCV  
  82  5:46  SCV  
  86  5:51  Siege Tank  
  86  5:52  SCV  
  86  5:53  Marine x2  
  86  5:56  SCV  
  93  5:58  Supply Depot  
  93  6:00  Supply Depot  
  93  6:09  Barracks Reactor x2  
  93  6:10  Marine x4, SCV x2  
  93  6:11  SCV  
  100  6:14  Marine  
  100  6:15  Combat Shield  
  101  6:19  Medivac x2  
  101  6:23  SCV x3  
  101  6:25  Supply Depot x2  
  105  6:26  Refinery  
  105  6:28  Marine x4  
  105  6:30  Supply Depot  
  105  6:31  Siege Tank, Supply Depot  
  105  6:32  Marine  
  112  6:34  Supply Depot  
  113  6:46  Marine x8  
  121  6:49  Medivac x2  
  124  6:55  SCV  
  124  6:56  SCV x2  
  124  6:59  Marine  
  128  7:04  Marine x5  
  128  7:08  SCV x3  
  130  7:11  Marine x3  
  130  7:12  Siege Tank  
  129  7:17  Marine  
  129  7:21  Marine x3, Supply Depot  
  129  7:22  Marine x2  
  131  7:24  Armory  
  131  7:29  Marine x2  
  133  7:30  Marine  
  133  7:35  Marine  
  135  7:39  Marine x3  
  135  7:40  Marine x2  
  139  7:44  Siege Tank  
  139  7:45  Factory  
  139  7:47  Marine x3  
  135  7:53  Marine  
  135  7:57  Medivac x2, Marine x3  
  135  7:58  Marine x2  
  134  8:05  Marine x3  
  136  8:12  Terran Infantry Armor Level 2, Terran Infantry Weapons Level 2  
  137  8:14  Command Center  
  137  8:17  Marine x4  
  141  8:22  Marine x3  
  141  8:24  Marine x2  
  145  8:29  Factory Tech Lab, Siege Tank  
  148  8:34  Terran Vehicle Weapons Level 1  
  148  8:35  Marine x4  
  151  8:45  Marine  
  148  8:51  Marine x2  
  148  8:52  Marine x2  
  148  8:53  Medivac, Marine x2, Siege Tank  
  148  8:55  SCV x2  
  158  8:56  SCV  
  158  8:57  Refinery  
  158  9:01  Medivac, Siege Tank  
  162  9:03  Marine x3  
  162  9:08  Marine  
  162  9:09  Marine  
  164  9:11  Marine  
  164  9:16  Marine, Supply Depot x2  
  166  9:24  Barracks  
  166  9:25  Barracks x2, Siege Tank  
  166  9:30  SCV x2  
  166  9:31  SCV  
  172  9:37  Siege Tank  
  172  9:38  Marine x2  
  171  9:44  Marine x2  
  174  9:49  Marine  
  174  9:50  Marine x2  
  176  9:54  Sensor Tower  
  176  9:56  Sensor Tower  
  176  9:57  Siege Tank  
  163  10:02  Medivac x2  
  163  10:05  Planetary Fortress  
  165  10:09  Siege Tank, SCV  
  165  10:10  SCV x2  
  165  10:11  Marine x2  
  173  10:15  Marine x3  
  173  10:19  Marauder  
  173  10:20  Marine x2, Barracks Tech Lab x3  
  173  10:21  Marine  
  181  10:29  Refinery, Siege Tank  
  181  10:30  Marine x2  
  181  10:33  Marine x3  
  189  10:38  Marine  
  189  10:41  Siege Tank  
  193  10:46  Command Center  
  193  10:47  Command Center  
  185  10:59  Marauder  
  185  11:00  Concussive Shells, Marauder x2, Marine x2  
  185  11:04  Marine x2, Terran Infantry Weapons Level 3  
  166  11:12  Marine x2  
  166  11:14  Marine x3  
  163  11:18  Marine x2  
  163  11:25  Siege Tank x2  
  171  11:27  Medivac  
  171  11:28  Medivac, Marine x5  
  171  11:29  Marine  
  171  11:30  Marine  
  171  11:32  Marine x3  
  183  11:36  Marine x2  
  185  11:46  Marine  
  186  11:53  Marine x2  
  188  11:54  Marine x2  
  188  11:57  Siege Tank x2  
  188  11:58  Ghost Academy, Marine  
  188  11:59  Refinery x2, Orbital Command, Marine  
  188  12:00  Orbital Command  
  188  12:01  Marauder  
  200  12:04  Terran Vehicle Weapons Level 2  
  200  12:23  Terran Infantry Armor Level 3  
  197  12:31  Siege Tank  
  198  12:46  Marine x4, Siege Tank  
  198  12:47  Marine x2, Ghost x2  
  198  12:48  Marine x2  
  198  12:50  Medivac  
  198  12:51  Marine x2  
  158  13:02  Medivac  
  158  13:03  Siege Tank  
  158  13:04  Marine x5  
  158  13:05  Marine x2  
  160  13:06  Marine  
  160  13:08  Command Center  
  160  13:09  Marine x2  
  156  13:16  Marine x2  
  156  13:18  Siege Tank  
  161  13:22  Marine x6  
  161  13:23  Marine x2  
  165  13:35  Siege Tank, Ghost x4  
  165  13:39  Marine  
  165  13:40  Orbital Command, Marine x5  
  165  13:41  Refinery, Marine x2  
  182  13:43  Refinery  
  182  13:44  Medivac  
  182  13:47  Medivac  
  188  13:57  Marine  
  189  14:03  Ghost x3  
  189  14:04  Ghost  
  197  14:25  Orbital Command  
  197  14:27  Marine x3  
  197  14:28  Command Center  
  186  14:40  Ghost  
  186  14:41  Ghost  
  186  14:43  Siege Tank  
  186  14:45  Medivac x2  
  197  14:49  Siege Tank  
  178  15:09  Marine x3  
  178  15:10  Ghost x2  
  178  15:12  Ghost  
  165  15:14  Marauder  
  165  15:15  Marine x2, Siege Tank  
  165  15:18  Marine x3  
  171  15:21  Siege Tank  
  171  15:27  Marine x2  
  162  15:29  Marine  
  162  15:33  Marine x2  
  162  15:35  Marauder, Marine  
  162  15:36  Command Center, Marine x2  
  162  15:38  Ghost  
  162  15:39  Ghost  
  162  15:40  Medivac x2  
  162  15:42  Marauder  
  175  15:45  Marine x2  
  175  15:47  Marine, Siege Tank  
  181  15:51  Marine x2  
  181  15:53  Marine x3  
  181  15:57  Marauder  
  179  16:03  Marine x3  
  178  16:04  Missile Turret, Siege Tank, Marine  
  178  16:07  Marine x2  
  178  16:09  Marine  
  185  16:16  Planetary Fortress  
  185  16:18  Marauder  
  187  16:19  Sensor Tower, Siege Tank  
  190  16:30  Liberator x2  
  196  16:36  Siege Tank  
  199  16:41  Missile Turret  
  199  16:48  Marine  
  199  16:51  Orbital Command  
  199  16:53  Command Center  
  200  17:14  Marine x2  
  199  17:17  Marine  
  197  17:22  Marine  
  197  17:23  Marine  
  197  17:25  Marine  
  196  17:31  Marine  
  196  17:32  Marine  
Show
View Real Time Build Order
Export as new Build Order

Elazer Zerg 

Build Orders: Hatch First, Lurkers 

Get SALT Encoding   

  12  0:00  Drone  
  13  0:12  Overlord  
  13  0:17  Drone  
  14  0:30  Drone x2  
  16  0:47  Hatchery  
  15  0:51  Drone  
  15  0:54  Drone  
  17  0:57  Drone  
  18  1:08  Extractor  
  17  1:13  Spawning Pool  
  17  1:15  Drone  
  17  1:19  Drone  
  18  1:28  Drone  
  19  1:38  Drone  
  20  1:49  Drone  
  21  1:59  Queen x2  
  21  2:00  Zergling x4  
  27  2:09  Drone  
  27  2:10  Overlord  
  27  2:11  Metabolic Boost  
  28  2:27  Hatchery  
  27  2:30  Drone  
  27  2:31  Drone  
  27  2:36  Spore Crawler  
  28  2:39  Spore Crawler  
  27  2:45  Drone x2  
  27  2:48  Queen  
  33  2:51  Overlord  
  33  2:55  Drone x2  
  33  2:58  Drone  
  36  3:04  Overlord  
  36  3:11  Drone  
  37  3:13  Drone x3  
  37  3:15  Queen  
  42  3:24  Queen  
  44  3:28  Drone x2  
  44  3:29  Zergling x4  
  48  3:36  Drone  
  48  3:37  Overlord  
  48  3:40  Drone  
  48  3:41  Queen  
  50  3:45  Drone x2  
  50  3:47  Drone  
  55  3:49  Drone x2  
  55  3:55  Queen  
  59  3:56  Drone  
  59  3:58  Overlord  
  60  4:06  Drone x4  
  64  4:12  Overlord  
  64  4:13  Drone x2  
  66  4:18  Overlord x2  
  66  4:23  Queen  
  68  4:25  Drone x3  
  68  4:30  Lair  
  70  4:32  Queen  
  70  4:34  Drone  
  73  4:39  Drone x4  
  73  4:42  Baneling Nest  
  76  4:48  Drone x7  
  76  4:51  Extractor  
  82  4:54  Overlord  
  82  5:02  Zergling x10  
  82  5:06  Extractor  
  86  5:07  Overlord  
  86  5:11  Zergling x6  
  89  5:19  Centrifugal Hooks, Drone  
  90  5:22  Overlord  
  90  5:25  Drone x4  
  94  5:29  Evolution Chamber  
  94  5:30  Extractor x2  
  94  5:31  Drone x3  
  94  5:33  Drone  
  95  5:35  Hatchery  
  95  5:42  Spore Crawler  
  90  5:43  Spore Crawler x2  
  90  5:44  Overseer  
  90  5:45  Overlord  
  90  5:47  Drone x9  
  93  5:52  Spore Crawler  
  93  5:56  Drone x3  
  94  6:00  Drone  
  94  6:02  Zerg Ground Armor Level 1  
  92  6:07  Drone x2  
  92  6:15  Drone  
  93  6:22  Overlord  
  93  6:23  Overlord  
  93  6:25  Drone x3  
  96  6:26  Hydralisk Den, Drone  
  96  6:28  Drone x4  
  100  6:35  Zergling x6  
  100  6:38  Grooved Spines  
  104  6:40  Zergling x2, Hatchery  
  104  6:41  Zergling x4  
  105  6:49  Zergling x4  
  106  6:56  Zergling x2  
  106  6:57  Zergling x20  
  114  7:08  Hydralisk x4  
  103  7:13  Spore Crawler  
  103  7:15  Overlord  
  109  7:18  Hydralisk x3  
  116  7:28  Baneling x12  
  116  7:29  Zergling x10  
  121  7:36  Zergling x12  
  123  7:55  Drone x2  
  123  7:57  Zergling x26  
  132  8:02  Zerg Ground Armor Level 2  
  131  8:10  Hatchery  
  131  8:11  Muscular Augments  
  130  8:14  Hydralisk x2  
  130  8:15  Hydralisk x2  
  130  8:17  Drone  
  130  8:18  Evolution Chamber  
  138  8:22  Baneling x7  
  138  8:23  Drone  
  139  8:27  Hydralisk x3  
  139  8:34  Zergling x6  
  145  8:48  Zergling x16  
  139  8:51  Zergling x6  
  139  8:54  Hatchery  
  141  8:57  Zergling x2  
  141  8:58  Zergling x2  
  141  9:02  Hydralisk, Zerg Missile Weapons Level 1  
  144  9:08  Extractor  
  144  9:09  Hydralisk  
  140  9:10  Infestation Pit, Hydralisk  
  140  9:12  Hatchery  
  140  9:15  Hydralisk  
  144  9:18  Baneling x13  
  144  9:20  Overlord  
  144  9:25  Overlord  
  144  9:37  Burrow  
  144  9:38  Zergling x22  
  153  9:48  Zergling x2  
  153  9:49  Zergling x6  
  155  9:53  Hive  
  155  9:57  Zergling x4  
  149  10:02  Zergling x6  
  152  10:08  Baneling x8  
  152  10:09  Hydralisk x4  
  158  10:15  Hydralisk  
  158  10:16  Hydralisk  
  162  10:21  Overlord x3  
  162  10:25  Zerg Melee Weapons Level 1  
  162  10:28  Drone x3  
  162  10:31  Baneling x5  
  162  10:33  Overseer  
  165  10:37  Lurker Den  
  165  10:38  Drone  
  165  10:39  Drone x2  
  162  10:51  Zergling x18  
  166  11:00  Zergling x4, Swarm Host  
  166  11:01  Zergling x8  
  174  11:09  Zergling x14  
  163  11:13  Zergling x2  
  163  11:14  Zergling x4  
  163  11:20  Zergling x6  
  166  11:28  Baneling x14  
  166  11:30  Adrenal Glands, Viper  
  166  11:32  Viper  
  172  11:40  Hydralisk x3  
  178  11:50  Baneling x9  
  178  11:59  Seismic Spines  
  178  12:03  Hatchery  
  177  12:12  Zergling x12  
  182  12:27  Overlord x4  
  182  12:31  Zerg Ground Armor Level 3  
  182  12:32  Zerg Missile Weapons Level 2  
  151  12:54  Zergling x26  
  151  12:56  Adaptive Talons  
  143  13:07  Lurker x4  
  143  13:08  Lurker  
  143  13:12  Zergling x14  
  154  13:13  Zergling x4  
  156  13:27  Viper x2  
  162  13:37  Baneling x13  
  162  13:41  Zergling x12, Hatchery  
  168  13:43  Extractor  
  168  13:44  Extractor, Drone x2  
  168  13:45  Drone  
  168  13:53  Lurker x2  
  170  13:58  Lurker  
  170  14:06  Zergling x18  
  179  14:16  Zergling x6  
  180  14:38  Lurker x3  
  176  14:40  Zergling x24  
  188  14:47  Hydralisk  
  188  14:48  Hydralisk x2  
  194  14:58  Zergling x22  
  170  15:09  Zergling x10  
  151  15:18  Hydralisk x5  
  151  15:19  Hydralisk x4  
  153  15:26  Hydralisk  
  153  15:27  Hydralisk x3  
  151  15:32  Hydralisk  
  153  15:37  Lurker  
  153  15:38  Lurker x3, Viper x2  
  163  15:44  Hydralisk x4  
  165  15:50  Hydralisk x3  
  165  15:56  Zergling x4  
  158  16:04  Lurker x8  
  158  16:07  Drone x2  
  168  16:12  Drone x3  
  171  16:20  Drone x5  
  176  16:28  Drone x3  
  179  16:46  Zergling x24  
  184  16:52  Baneling x10  
  184  17:01  Hydralisk x4  
  180  17:16  Zergling x14  
  180  17:17  Zergling x4  
Tags
 
Add a new tag
Caveats
  • Supply blocks, unpowered buildings, or Contaminate may cause inaccurate times.
  • Supply counts are checked every 10 seconds.